 Dungeon Crawl Stone Soup version 0.29.1-13-g9f3cf754e1 (webtiles) character file.

Game seed: 7202218807194881812

61 zlionsfan the Gusty (level 3, -1/19 HPs)
             Began as a Deep Elf Air Elementalist on Jan 28, 2023.
             Slain by a gnoll
             ... wielding a +0 spear
              (3 damage)
             ... on level 2 of the Dungeon.
             The game lasted 00:04:28 (1301 turns).

zlionsfan the Gusty (Deep Elf Air Elementalist)     Turns: 1301, Time: 00:04:30

Health: -1/19      AC:  2    Str:  5    XL:     3   Next: 83%
Magic:  2/10       EV: 12    Int: 21    God:
Gold:   44         SH:  0    Dex: 15    Spells: 7/10 levels left

rFire   . . .      SeeInvis .   e - +4 whip (venom)
rCold   . . .      Faith    .   (no shield)
rNeg    . . .      Spirit   .   a - +0 robe
rPois   .          Reflect  .   (no helmet)
rElec   .          Harm     .   (no cloak)
rCorr   .          Rampage  .   (no gloves)
Will    .....                   (no boots)
Stlth   ++........              (no amulet)
HPRegen 0.06/turn               (no ring)
MPRegen 0.12/turn               (no ring)

@: hasted, very quick
A: no striking features
a: no special abilities


You were on level 2 of the Dungeon.
You visited 1 branch of the dungeon, and saw 2 of its levels.

You collected 44 gold pieces.

Inventory:

Hand Weapons
 c - a +0 dagger
 e - a +4 whip of venom (weapon)
Missiles
 d - 4 silver javelins (quivered)
Armour
 a - a +0 robe (worn)
Scrolls
 h - a scroll of vulnerability {unknown}
 i - a scroll of identify {unknown}
 j - a scroll of immolation {unknown}
Potions
 b - a potion of magic
 g - a potion of curing {unknown}


   Skills:
 + Level 2.4 Dodging
 + Level 2.4 Stealth
 * Level 4.0 Spellcasting
 * Level 1.8 Conjurations
 * Level 4.0 Air Magic


You had 7 spell levels left.
You knew the following spells:

 Your Spells              Type           Power      Damage    Failure   Level
a - Shock                 Conj/Air       64%        1d7       3%          1
b - Static Discharge      Conj/Air       16%        3-5/arc   5%          2

Your spell library contained the following spells:

 Spells                   Type           Power      Damage    Failure   Level
 Swiftness                Air            21%        N/A       7%          3
 Airstrike                Air            10%        2d(2-18)  22%         4
 Gell's Gravitas          Tloc           4%         N/A       34%         3
 Lesser Beckoning         Tloc           4%         N/A       34%         3
 Teleport Other           Tloc           4%         N/A       34%         3


Dungeon Overview and Level Annotations

Branches:
Dungeon (2/15)

Altars:


Message History

Casting: Shock (safe; 4% risk of failure)
Confirm with . or Enter, or press ? or * to list all spells.
Aiming: Shock (safe; 4% risk of failure)
Press: ? - help, Shift-Dir - straight line, f/p - Natasha
Aim: Natasha (severely wounded, 64% to hit)
The zap hits Natasha.
You kill Natasha!
Natasha growls in agony!
The zap hits the gnoll.
The gnoll is moderately wounded.
The gnoll hits you from afar with a +0 spear!
Your Spellcasting skill increases to level 4!
Your Air Magic skill increases to level 4!
Casting: Shock (safe; 3% risk of failure)
Confirm with . or Enter, or press ? or * to list all spells.
Aiming: Shock (safe; 3% risk of failure)
Press: ? - help, Shift-Dir - straight line, f - gnoll
Aim: a gnoll, wielding a +0 spear (moderately wounded, 75% to hit)
The zap hits the gnoll.
The gnoll is severely wounded.
The gnoll hits you from afar with a +0 spear!
* * * LOW HITPOINT WARNING * * *
It was a potion of haste.
You feel yourself speed up.
The gnoll hits you from afar with a +0 spear.
* * * LOW HITPOINT WARNING * * *
Casting: Shock (safe; 3% risk of failure)
Confirm with . or Enter, or press ? or * to list all spells.
Aiming: Shock (safe; 3% risk of failure)
Press: ? - help, Shift-Dir - straight line, f/p - gnoll
Aim: a gnoll, wielding a +0 spear (severely wounded, 75% to hit)
The zap misses the gnoll.
Casting: Shock (safe; 3% risk of failure)
Confirm with . or Enter, or press ? or * to list all spells.
Aiming: Shock (safe; 3% risk of failure)
Press: ? - help, Shift-Dir - straight line, f/p - gnoll
Aim: a gnoll, wielding a +0 spear (severely wounded, 75% to hit)
The zap hits the gnoll.
The gnoll is almost dead.
The gnoll hits you from afar with a +0 spear.
You die...

#....###..........
#....###...##.....
#...........###### .
#...###.....#
..#####.[..##.....##...
.......#+#.##..<........
...........##.#+#.......
.g....g....##. ......#
#####.?gg@##. .#.....
#.....# ....... #.....#
#...((. #....... ......
#......... #.........
#......... ####..#?...


You could see 3 gnolls.

Vanquished Creatures
  Natasha (D:2)
  3 ball pythons (D:1)
  A bat (D:1)
  4 endoplasms (D:1)
  6 goblins (D:1)
  2 hobgoblins (D:1)
  7 jackals (D:1)
  3 kobolds (D:1)
  5 rats (D:1)
32 creatures vanquished.

Notes
Turn   | Place    | Note
-------+----------+-------------------------------------------
     0 | D:1      | zlionsfan the Deep Elf Air Elementalist began the quest for
                  | the Orb.
     0 | D:1      | Reached XP level 1. HP: 10/10 MP: 6/6
   280 | D:1      | Reached XP level 2. HP: 15/15 MP: 6/8
   283 | D:1      | Learned a level 2 spell: Static Discharge
   790 | D:1      | Reached XP level 3. HP: 19/19 MP: 8/10
  1288 | D:2      | Noticed Natasha
  1297 | D:2      | Killed Natasha
  1301 | D:2      | Slain by a gnoll

Illustrated notes

Levels and vault maps discovered:
D:1:      evilmike_arrival_plus, layout_basic
D:2:      layout_basic, shapermc_ecumenical_altar_hornbeckon,
          grunt_ministairs_1, uniq_natasha, uniq_jessica,
          uniq_crazy_yiuf_cottage

Skill      XL: |  1  2  3 |
---------------+----------+-----
Spellcasting   | 4 |  4.0
Air Magic      | 4 |  4.0
Dodging        | |  2.4
Stealth        | |  2.4
Conjurations   | |  1.8

Action                   || total
-------------------------++-------
Melee: Whip              ||     5
 Cast: Shock             ||    65
  Use: Potion            ||     1
Armor: Robe              ||     2
Dodge: Dodged            ||     9
